 Dungeon Crawl Stone Soup version 0.23-a0-582-g1b4a0ca (webtiles) character file.

595 Inarius the Chopper (level 7, -1/54 HPs)
             Began as a Demonspawn Chaos Knight on Dec 16, 2018.
             Was a Plaything of Xom.
             Slain by a smoke demon (5 damage)
             ... on level 2 of the Abyss.
             The game lasted 00:10:13 (4288 turns).

Inarius the Chopper (Demonspawn Chaos Knight)       Turns: 4288, Time: 00:10:13

Health: -1/54      AC:  9    Str: 14    XL:     7   Next: 16%
Magic:  7/7        EV: 11    Int: 19    God:    Xom [.*....]
Gold:   19         SH:  7    Dex: 12    Spells: 6/6 levels left

rFire    . . .     SeeInvis .   B - +1 dagger (venom)
rCold    . . .     Gourm    .   w - +0 shield (curse)
rNeg     + . .     Faith    .   m - +2 robe "Poklyifi" {rElec rN+ MR+}
rPois    +         Spirit   .   u - +2 helmet
rElec    +         Reflect  .   y - +1 cloak {MR+}
rCorr    .         Harm     .   (no gloves)
MR       ++...                  (no boots)
Stlth    +++.......             e - amulet of rage
HPRegen  0.18/turn              j - ring of poison resistance
MPRegen  0.10/turn              (no ring)

@: brilliant, very slightly contaminated, drained
A: repulsion field 1, nightstalker 1
a: Renounce Religion, Evoke Berserk Rage


You were on level 2 of the Abyss.
You worshipped Xom.
You were a plaything of Xom.
You were not hungry.

You visited 1 branch of the dungeon, and saw 4 of its levels.
You visited the Abyss 1 time.

You collected 295 gold pieces.
You spent 276 gold pieces at shops.

Inventory:

Hand Weapons
 a - a +1 hand axe of chaos
 g - a +2 hand axe of chopping
 B - a +1 dagger of venom (weapon)
 D - the +3 hand axe "Demon's Doom" {holy, rC+ MR+ Str+3, unknown}
   (You found it on level 2 of the Abyss)

   It has been blessed by the Shining One to cause great damage to the undead
   and demons.
   It affects your strength (+3).
   It protects you from cold.
   It affects your resistance to hostile enchantments.
Missiles
 d - a throwing net (quivered)
Armour
 b - a +2 leather armour
 m - the +2 robe "Poklyifi" (worn) {rElec rN+ MR+}
   (You found it on level 4 of the Dungeon)

   It insulates you from electricity.
   It protects you from negative energy.
   It affects your resistance to hostile enchantments.
 u - a +2 helmet (worn)
 w - a cursed +0 shield (worn)
 y - a +1 cloak of magic resistance (worn)
 C - a +0 pair of gloves
Jewellery
 e - an amulet of rage (around neck)
 j - a ring of poison resistance (left hand)
Scrolls
 f - 2 scrolls of teleportation
 i - a scroll of magic mapping {unknown}
 o - a scroll of fog
 p - a scroll of immolation {unknown}
 q - a scroll of amnesia {unknown}
 t - 2 scrolls of random uselessness {unknown}
 v - 2 scrolls of remove curse {unknown}
 x - a scroll of identify {unknown}
 A - a scroll of blinking {unknown}
Potions
 h - a potion of curing {unknown}
 k - a potion of resistance {unknown}
 l - 2 potions of lignification {unknown}
 n - 2 potions of brilliance
 r - 2 potions of invisibility {unknown}
 z - a potion of mutation {unknown}
Comestibles
 c - 6 rations
 s - 6 chunks of flesh


   Skills:
 + Level 4.1(3.7) Fighting
 + Level 0.5(0.2) Short Blades
 - Level 5.3(4.9) Axes
 + Level 3.1(2.7) Armour
 + Level 1.6(1.2) Dodging
 * Level 3.1(2.7) Stealth
 + Level 0.3(0.0) Shields


You had 6 spell levels left.
You didn't know any spells.
Your spell library was empty.

Dungeon Overview and Level Annotations

Branches:
Dungeon (4/15)
 Temple: D:4-7

Altars:

Shops:
D:4 ([*


Innate Abilities, Weirdness & Mutations

You are surrounded by a mild repulsion field. (EV +2)
You are slightly more attuned to the shadows.


Message History

Found a robe.
A smoke demon comes into view.
The smoke demon moves out of view.
The smoke demon roars!
The smoke demon misses you. You block the smoke demon's attack.
The smoke demon hits you but does no damage.
Your shield prevents you from hitting the smoke demon.
The smoke demon hits you. x2
* * * LOW HITPOINT WARNING * * *
The smoke demon hits you.
* * * LOW HITPOINT WARNING * * *
You hit the smoke demon but do no damage.
The smoke demon gestures at you. Something smites you!
* * * LOW HITPOINT WARNING * * *
It was a potion of brilliance.
You feel clever all of a sudden. The smoke demon hits you.
You die...
Xom howls with laughter!

#.....##.#. ..#.##..
##.... .##..##..#..
..
..##..##..#..#.##.
...###.#.##..##.....
. # # ####.##...##..
.. ### #.##......# .
#. ##.....#. .
#.##.... .# #@..#.##
.# #.3.[.#...
#.##...... #..
#.##≈. #.. .. . #..#
... #.. ...


You could see a smoke demon.

Vanquished Creatures
  Edmund (D:4)
  A swamp drake (shapeshifter) (D:4)
  A wyvern zombie (D:3)
  An orc priest (D:4)
  2 hounds (D:4)
  A worker ant (D:4)
  A gnoll (shapeshifter) (D:2)
  6 gnolls
  3 adders
  An ooze (D:1)
  An adder skeleton (D:4)
  2 worms
  2 dart slugs
  5 leopard geckos
  12 orcs
  4 bats
  4 giant cockroaches
  12 goblins
  9 hobgoblins
  9 jackals (D:4)
  A quokka (shapeshifter) (D:4)
  2 quokkas
  3 ball pythons (D:3)
  3 frilled lizards
  9 kobolds
  4 rats
  A bush (D:2)
  2 plants (D:2)
103 creatures vanquished.

Vanquished Creatures (others)
  5 toadstools (D:1)
5 creatures vanquished.

Grand Total: 108 creatures vanquished

Notes
Turn   | Place    | Note
-------+----------+-------------------------------------------
     0 | D:1      | Inarius the Demonspawn Chaos Knight began the quest for the
                  | Orb.
     0 | D:1      | Reached XP level 1. HP: 18/18 MP: 1/1
    16 | D:1      | XOM: potion effect (might)
    18 | D:1      | Reached skill level 3 in Axes
    19 | D:1      | Gained mutation: You are slightly more attuned to the
                  | shadows. [demonic ancestry]
    19 | D:1      | Reached XP level 2. HP: 24/24 MP: 2/2
    19 | D:1      | XOM: divination: detect items
   291 | D:1      | XOM: harmless Tmut miscast
   376 | D:1      | Gained mutation: You are surrounded by a mild repulsion
                  | field. (EV +2) [demonic ancestry]
   376 | D:1      | Reached XP level 3. HP: 26/29 MP: 3/3
   390 | D:1      | XOM: divination: detect creatures
   512 | D:2      | XOM: noise
   523 | D:2      | Noticed Robin
   663 | D:2      | Robin changed into Robin the gnoll
   665 | D:2      | Reached skill level 1 in Dodging
  1236 | D:2      | XOM: divination: magic mapping
  1266 | D:2      | Reached XP level 4. HP: 7/35 MP: 4/4
  1555 | D:2      | Reached skill level 4 in Axes
  2116 | D:2      | XOM: god gift: scroll labeled HAATABR ONEGY {god gift}
  2173 | D:3      | XOM: cleaving
  2188 | D:3      | XOM: harmless Tmut miscast
  2230 | D:3      | Reached skill level 1 in Stealth
  2230 | D:3      | Reached XP level 5. HP: 11/41 MP: 5/5
  2483 | D:3      | XOM: cloud trail
  2948 | D:3      | XOM: divination: magic mapping
  3137 | D:4      | Noticed a swamp drake
  3141 | D:4      | Killed a swamp drake
  3141 | D:4      | Reached XP level 6. HP: 34/47 MP: 6/6
  3281 | D:4      | Reached skill level 5 in Axes
  3357 | D:4      | Found Zantitij's Weapon Shop.
  3379 | D:4      | Got a heavily jewelled robe
  3408 | D:4      | Identified the +2 robe "Poklyifi" {rElec rN+ MR+} (You
                  | found it on level 4 of the Dungeon)
  3444 | D:4      | XOM: god gift: 57 gold pieces
  3471 | D:4      | XOM: smoke on damage
  3565 | D:4      | Found Vompogre's Armour Shoppe.
  3565 | D:4      | XOM: 9-stop teleportation journey
  3637 | D:4      | Bought a cursed +0 shield for 38 gold pieces
  3679 | D:4      | XOM: silly message
  3686 | D:4      | XOM: divination: detect items
  3883 | D:4      | Found Vatest's Assorted Antiques.
  3890 | D:4      | Bought a scroll labeled SERUWU OJISORUO for 21 gold pieces
  3890 | D:4      | Bought a scroll labeled LEHYACRYAVVE for 21 gold pieces
  3890 | D:4      | Bought an embroidered cloak for 157 gold pieces
  3890 | D:4      | Bought a fuming puce potion for 18 gold pieces
  3890 | D:4      | Bought a scroll labeled PAMEBI MEAC for 21 gold pieces
  4098 | D:4      | XOM: harmless Hex miscast
  4175 | D:4      | Noticed Edmund
  4175 | D:4      | XOM: potion effect (invisibility)
  4181 | D:4      | XOM: divination: detect items
  4183 | D:4      | Identified the cursed -3 buckler of the Armadillo {+Blink
                  | +Inv MR++ Int-2}
  4191 | D:4      | Killed Edmund
  4191 | D:4      | Reached XP level 7. HP: 6/54 MP: 7/7
  4228 | D:3      | XOM: medium Tloc miscast
  4228 | D:3      | Cast into level 2 of the Abyss (the severe capriciousness
                  | of Xom)
  4246 | Abyss:2  | Got an iridescent hand axe
  4281 | Abyss:2  | Noticed a smoke demon
  4288 | Abyss:2  | Slain by a smoke demon

Vault maps used:
D:1:      ldierk_walled_garden
D:2:      serial_forest, infiniplex_forest_lined_2,
          infiniplex_forest_clump_small, infiniplex_forest_straight_1,
          infiniplex_forest_end_2, infiniplex_forest_end_2,
          infiniplex_forest_lined_3, infiniplex_forest_clump_long,
          infiniplex_forest_clump_small, uniq_robin
D:3:      first_ration
D:4:      lemuel_castle_with_subvaults, serial_shops, shop, nicolae_shop_stone,
          nicolae_shop_stone, nicolae_shop_waterfront, uniq_edmund
Abyss:2:  hangedman_decor_points

Skill      XL: |  1  2  3  4  5  6 |
---------------+-------------------+-----
Axes           | 3 4 5 |  5.3
Armour         | 2 3 |  3.1
Dodging        | 1 |  1.6
Stealth        | 1 2 3 |  3.1
Fighting       | 4 |  4.1
Short Blades   | |  0.5
Shields        | |  0.3

Action                   |  1- 3 |  4- 6 |  7- 9 || total
-------------------------+-------+-------+-------++-------
Melee: Hand axe          |   153 |   199 |       ||   352
       Dagger            |       |    34 |     2 ||    36
  Use: Scroll            |       |     3 |       ||     3
       Potion            |       |       |     1 ||     1
 Stab: Sleeping          |     4 |       |       ||     4
       Confused          |     1 |       |       ||     1
       Petrified         |       |    16 |       ||    16
       Paralysed         |       |     2 |       ||     2
       Distracted        |       |     1 |       ||     1
  Eat: Chunk             |     1 |    10 |       ||    11
Armor: Leather armour    |    11 |       |       ||    11
       Chain mail        |    41 |    92 |       ||   133
       Robe              |       |    17 |     1 ||    18
Dodge: Dodged            |    54 |    96 |     1 ||   151
Block: Shield            |       |    19 |     1 ||    20

Table legend:
 A = Non-vault XP
 B = Vault XP
 C = Vault XP percentage of total XP
 D = Non-vault monster count
 E = Vault monster count
 F = Vault count percentage of total count
                 A         B        C        D         E       F
            +---------+---------+-------+---------+---------+-------
      Total |     612 |     238 |  28.0 |      79 |      21 |  21.0
            +---------+---------+-------+---------+---------+-------
        D:1 |      47 |       2 |   4.1 |      23 |       1 |   4.2
        D:2 |      86 |      36 |  29.5 |      14 |      12 |  46.2
        D:3 |     121 |       0 |   0.0 |      16 |       0 |   0.0
        D:4 |     358 |     200 |  35.8 |      26 |       8 |  23.5
            +---------+---------+-------+---------+---------+-------
